 Dungeon Crawl Stone Soup version 0.24-a0-506-g958ff8eaa0 (webtiles) character file.

Game seed: 5876299243204680919

12763 Gargoyl the Cleaver (level 11, -2/91 HPs)
             Began as a Centaur Abyssal Knight on July 18, 2019.
             Was an Elder of Lugonu.
             Splashed by a jelly's acid (9 damage)
             ... on level 11 of the Dungeon.
             The game lasted 00:22:04 (18311 turns).

Gargoyl the Cleaver (Centaur Abyssal Knight)       Turns: 18311, Time: 00:22:06

Health: -2/91      AC: 16    Str: 17    XL:     11   Next: 66%
Magic:  11/17      EV:  6    Int: 11    God:    Lugonu [****..]
Gold:   181        SH:  3    Dex: 11    Spells: 10/10 levels left

rFire    . . .     SeeInvis +   y - +2 war axe
rCold    . . .     Gourm    .   x - +0 buckler "Xisch" {rElec}
rNeg     . . .     Faith    .   d - +4 chain mail {rPois}
rPois    +         Spirit   .   j - +0 helmet
rElec    +         Reflect  .   m - +0 cloak
rCorr    .         Harm     .   (no gloves)
MR       .....                  (no barding)
Stlth    ..........             (no amulet)
HPRegen  0.00/turn              b - ring of flight
MPRegen  0.15/turn              v - +3 ring of dexterity

@: very quick
A: large, hooves 3, see invisible, clumsy 1, deformed body, speed 2, poison
resistance, screaming 1, inhibited regeneration, tough skin 3
a: Depart the Abyss, Bend Space, Banish, Corrupt, Renounce Religion, Evoke
Flight


You were on level 11 of the Dungeon.
You worshipped Lugonu.
Lugonu was greatly pleased with you.
You were very hungry.

You visited 1 branch of the dungeon, and saw 11 of its levels.
You visited the Abyss 1 time.

You collected 643 gold pieces.
You spent 462 gold pieces at shops.

Inventory:

Hand Weapons
 a - a +1 hand axe
 t - a +0 broad axe
 y - a +2 war axe (weapon)
Armour
 d - a +4 chain mail of poison resistance (worn)
 j - a +0 helmet (worn)
 m - a +0 cloak (worn)
 x - the +0 buckler "Xisch" (worn) {rElec}
   (You bought it in a shop on level 8 of the Dungeon)

   It insulates you from electricity.
Jewellery
 b - a ring of flight (left hand)
 v - a +3 ring of dexterity (right hand)
Wands
 k - a wand of disintegration (7)
 B - a wand of polymorph (4)
Scrolls
 e - 4 scrolls of magic mapping
 h - 6 scrolls of teleportation
 i - a scroll of identify
 r - 2 scrolls of fog
 u - 2 scrolls of remove curse
Potions
 f - 4 potions of heal wounds
 g - 3 potions of flight
 l - 4 potions of haste
 n - 2 potions of ambrosia
 o - a potion of brilliance
 p - 2 potions of resistance
 q - a potion of magic
 s - 3 potions of curing
 w - a potion of cancellation {unknown}
 z - a potion of might {unknown}
Comestibles
 c - 15 rations


   Skills:
 + Level 6.9 Fighting
 + Level 9.2 Axes
 * Level 7.7 Armour
 * Level 5.7 Dodging
 + Level 0.5 Shields
 * Level 9.2 Invocations
 + Level 1.3 Evocations


You had 10 spell levels left.
You didn't know any spells.
Your spell library contained the following spells:

 Spells                   Type           Power        Failure   Level  Hunger
 Infusion                 Chrm           #...         99%         1    ##.....
 Shock                    Conj/Air       #...         99%         1    ##.....
 Sting                    Conj/Pois      #...         99%         1    ##.....
 Poisonous Vapours        Pois/Air       #.....       100%        2    ###....
 Shroud of Golubria       Chrm/Tloc      #.....       100%        2    ###....
 Song of Slaying          Chrm           #.......     100%        2    ###....
 Swiftness                Chrm/Air       #.......     100%        2    ###....
 Mephitic Cloud           Conj/Pois/Air  #.......     100%        3    ####...
 Regeneration             Chrm/Necr      #.........   100%        3    ####...
 Spectral Weapon          Hex/Chrm       #.......     100%        3    ####...
 Static Discharge         Conj/Air       #.......     100%        3    ####...
 Airstrike                Air            #.........   100%        4    #####..
 Olgreb's Toxic Radiance  Pois           #.......     100%        4    #####..
 Lightning Bolt           Conj/Air       #.........   100%        5    ######.
 Venom Bolt               Conj/Pois      #.........   100%        5    ######.


Dungeon Overview and Level Annotations

Branches:
Dungeon (11/15)            Temple (0/1) D:6             Orc (0/2) D:11
   Lair: D:8-11

Altars:
Dithmenos
Elyvilon
Gozag
Nemelex Xobeh
Okawaru
Uskayaw

Shops:
D:4 [   D:6 !%:   D:8 [   D:11 (

Annotations:
Abyss:1 Erica, Maurice


Innate Abilities, Weirdness & Mutations

You have hooves in place of feet.
Armour fits poorly on your strangely shaped body.
You cover ground very quickly.
You have extremely tough skin. (AC +3)
You have supernaturally acute eyesight. (SInv)
You are clumsy. (Dex -2)
Your system is resistant to poisons. (rPois)
You occasionally shout uncontrollably at your foes.
You do not regenerate when monsters are visible.


Message History

You start resting.
A jelly comes into view.
The jelly quivers.
You start resting.
The jelly is too close now for your liking.
A basilisk comes into view.
You are feeling very hungry.
Press: ? - help, Shift-Dir - straight line, f - basilisk
Aim: a basilisk (chance to defeat MR: 86%)
The basilisk is devoured by a tear in reality.
Lugonu claims a new guest.
You feel somewhat more hungry.
You hit the jelly.
Your hands burn!
* * * LOW HITPOINT WARNING * * *
You kick the jelly!
The jelly is severely wounded.
The jelly hits you.
* * * LOW HITPOINT WARNING * * *
You are splashed with acid!
You die...

#.# ##....# #.#
#.....#
###.###....##
##..(##....§###
##.......#.....# #
#.......##...#÷#.#
#.......######.#§#
###.......# #J.§#
.###.....## #@###
..#.......# ###
..........#
_.<.......#
...#....[...
........#####
..####### ...#
...#


You could see a jelly.

Vanquished Creatures
  A two-headed ogre (D:8)
  Pikel (D:8)
  A centaur zombie (D:10)
  Joseph (D:8)
  A troll (D:8)
  A hippogriff (D:8)
  25 yaks
  2 hungry ghosts
  A porcupine (D:10)
  2 water moccasins (D:8)
  2 sky beasts
  3 ice beasts
  A slave (D:8)
  6 orc warriors
  2 phantoms
  An eye of draining (D:9)
  A necrophage (D:8)
  4 ogres
  A centaur (D:4)
  3 wolves (D:10)
  2 big kobolds
  4 bullfrogs
  9 scorpions
  5 wights (D:7)
  9 killer bees
  An electric eel (D:8)
  3 howler monkeys
  3 crimson imps
  2 centaur skeletons
  8 hounds
  4 orc priests
  2 iguanas
  13 orc wizards
  10 worker ants
  3 hound zombies
  A worker ant zombie (D:4)
  7 gnolls
  11 adders
  2 shadow imps
  An ooze (D:2)
  An adder zombie (D:6)
  3 worms
  A dart slug (D:3)
  5 leopard geckos
  61 orcs
  9 giant cockroaches
  9 goblins
  10 hobgoblins
  12 jackals
  15 kobolds
  7 quokkas
  2 ball pythons
  13 bats
  9 frilled lizards
  A leopard gecko skeleton (D:4)
  5 rats
  2 fungi (D:6)
325 creatures vanquished.

Vanquished Creatures (others)
  An unseen horror (D:10)
  A hornet (D:8)
  A vampire (D:10)
  A basilisk (D:11)
  2 orc warriors
  An ice beast (D:8)
  3 slaves (D:8)
  A killer bee (D:8)
  An orc priest (D:8)
  2 orc wizards (D:8)
  A fungus (D:11)
  2 plants (D:11)
17 creatures vanquished.

Grand Total: 342 creatures vanquished

Notes
Turn   | Place    | Note
-------+----------+-------------------------------------------
     0 | Abyss:1  | Gargoyl the Centaur Abyssal Knight began the quest for the
                  | Orb.
     0 | Abyss:1  | Reached XP level 1. HP: 19/19 MP: 2/2
    96 | Abyss:1  | Noticed a hellwing
    97 | D:1      | Escaped the Abyss
   327 | D:1      | Reached XP level 2. HP: 26/26 MP: 3/3
   513 | D:1      | Reached * piety under Lugonu
   823 | D:2      | Reached skill level 1 in Dodging
   823 | D:2      | Reached XP level 3. HP: 22/31 MP: 4/4
   996 | D:2      | Reached XP level 4. HP: 27/39 MP: 5/5
  1208 | D:2      | Reached ** piety under Lugonu
  1871 | D:3      | Reached XP level 5. HP: 41/46 MP: 7/7
  2118 | D:3      | Reached *** piety under Lugonu
  2408 | D:3      | Reached XP level 6. HP: 32/52 MP: 8/8
  3445 | D:4      | Reached XP level 7. HP: 25/59 MP: 9/9
  4428 | D:4      | Reached **** piety under Lugonu
  4505 | D:4      | Found Rorav's Antique Armour Shop.
  4707 | D:5      | Entered Level 5 of the Dungeon
  4867 | D:5      | Found an iron altar of Okawaru.
  5198 | D:5      | Reached XP level 8. HP: 61/67 MP: 11/11
  5917 | D:6      | Found a staircase to the Ecumenical Temple.
  5928 | D:6      | Found Zyogg's Distillery.
  5936 | D:6      | Bought 2 potions of heal wounds for 130 gold pieces
  5936 | D:6      | Bought a potion of heal wounds for 65 gold pieces
  5936 | D:6      | Bought a potion of curing for 39 gold pieces
  6007 | D:6      | Reached skill level 5 in Axes
  6402 | D:6      | Found Satus's Food Emporium.
  6507 | D:6      | Found Deozi's Book Shop.
  6942 | D:7      | Reached skill level 5 in Invocations
  6947 | D:7      | You fall into a shaft and drop 1 floor!
  6975 | D:8      | Reached skill level 5 in Fighting
  7467 | D:7      | Reached ***** piety under Lugonu
  7476 | D:7      | Reached XP level 9. HP: 74/74 MP: 12/12
  7630 | D:8      | Reached skill level 5 in Armour
  7909 | D:8      | Noticed Pikel
  7934 | D:8      | Killed Pikel
  9418 | D:8      | Noticed Joseph
  9448 | D:8      | Killed Joseph
  9448 | D:8      | Reached XP level 10. HP: 11/83 MP: 15/15
 10007 | D:8      | Reached skill level 1 in Evocations
 10013 | D:8      | HP: 2/83 [yak (4)]
 11380 | D:8      | Reached skill level 5 in Dodging
 11677 | D:8      | Found Ciremeh's Antique Armour Emporium.
 12922 | D:8      | Bought a transparent buckler for 228 gold pieces
 12927 | D:8      | Identified the +0 buckler "Xisch" {rElec} (You bought it in
                  | a shop on level 8 of the Dungeon)
 13082 | D:8      | Found a shadowy altar of Dithmenos.
 13086 | D:8      | Found an iron altar of Okawaru.
 13087 | D:8      | Found a hide-covered altar of Uskayaw.
 13355 | D:9      | Noticed Maurice
 13377 | D:9      | Banished Maurice
 13444 | D:9      | Noticed Erica
 13454 | D:9      | Banished Erica
 13454 | D:9      | Reached XP level 11. HP: 91/91 MP: 16/16
 13990 | D:9      | Found a white marble altar of Elyvilon.
 14026 | D:9      | Found a sparkling altar of Nemelex Xobeh.
 14027 | D:9      | Found an opulent altar of Gozag.
 14103 | D:10     | Entered Level 10 of the Dungeon
 14126 | D:10     | Noticed a two-headed ogre
 14345 | D:8      | Killed a two-headed ogre
 15226 | D:10     | Banished an unseen horror
 15883 | D:9      | Gained mutation: You occasionally shout uncontrollably at
                  | your foes. [potion of mutation]
 15883 | D:9      | Gained mutation: Scrolls take you a little longer to read.
                  | [potion of mutation]
 15883 | D:9      | Gained mutation: You are somewhat resistant to further
                  | mutation. [potion of mutation]
 15884 | D:9      | Lost mutation: Scrolls take you a little longer to read.
                  | [potion of mutation]
 15884 | D:9      | Lost mutation: You are somewhat resistant to further
                  | mutation. [potion of mutation]
 15884 | D:9      | Gained mutation: Your system is resistant to poisons.
                  | (rPois) [potion of mutation]
 15884 | D:9      | Gained mutation: You are clumsy. (Dex -2) [potion of
                  | mutation]
 15884 | D:9      | Gained mutation: You do not regenerate when monsters are
                  | visible. [potion of mutation]
 15884 | D:9      | Gained mutation: You have supernaturally acute eyesight.
                  | (SInv) [potion of mutation]
 16559 | D:11     | Found Difuloips's Weapon Boutique.
 16767 | D:11     | Found a staircase to the Orcish Mines.
 18203 | D:11     | Found an opulent altar of Gozag.
 18311 | D:11     | Splashed by a jelly's acid

Levels and vault maps discovered:
D:1:      scummos_arrival_gate, layout_loops_cross, grunt_decor_mini_mirrors,
          wander_ebering_terrifying_dragon_lair
D:2:      layout_rooms
D:3:      layout_loops_ring, first_ration
D:4:      layout_rooms, serial_shops, shop_statue
D:5:      layout_gridville, okawaru_gym_becter
D:6:      old_forge, layout_gridville, minmay_temple_entry_slanted,
          serial_shops, shop, shop_fountains, kennysheep_mini_moat
D:7:      layout_basic
D:8:      argonaut_augean_stables, layout_basic, minitemple, special_room
          [special_room_orc], serial_shops,
          nicolae_shop_temple_entry_statues_fountains, uniq_joseph, uniq_pikel
D:9:      layout_cave_pools, elyvilon_altar_3, grunt_temple_overflow_opulence,
          uniq_erica, uniq_maurice
D:10:     cheibrodos_iron_armory, layout_cave_pools, grunt_ogre_cave,
          chequers_garden
D:11:     layout_rooms, minmay_lair_entry_grove, orc_david_3,
          nicolae_gozag_seed_capital

Skill      XL: |  1  2  3  4  5  6  7  8  9 10 11 |
---------------+----------------------------------+-----
Axes           | 2 3 4 6 7 8 9 |  9.2
Dodging        | 1 2 3 4 5 |  5.7
Armour         | 2 3 4 5 6 7 |  7.7
Invocations    | 3 4 5 7 9 |  9.2
Fighting       | 4 5 6 |  6.9
Evocations     | 1 |  1.3
Shields        | |  0.5

Action                   |  1- 3 |  4- 6 |  7- 9 | 10-12 || total
-------------------------+-------+-------+-------+-------++-------
Melee: Hand axe          |    81 |   271 |   170 |       ||   522
       Kick              |    12 |    58 |   131 |   164 ||   365
       War axe           |       |       |   317 |   531 ||   848
Invok: Depart the Abyss  |     1 |       |       |       ||     1
       Banish            |       |       |     4 |    10 ||    14
Evoke: Wand              |       |       |       |     5 ||     5
  Use: Scroll            |       |     8 |    13 |     4 ||    25
       Potion            |       |       |     7 |     2 ||     9
 Stab: Invisible         |       |       |     3 |       ||     3
       Distracted        |       |       |     1 |       ||     1
  Eat: Chunk             |       |     7 |    16 |    15 ||    38
       Ration            |       |       |     2 |     6 ||     8
Armor: Chain mail        |    70 |   297 |   400 |   438 ||  1205
Dodge: Dodged            |    15 |    67 |   156 |   207 ||   445
Block: Buckler           |       |     3 |     4 |    57 ||    64

Table legend:
 A = Non-vault XP
 B = Vault XP
 C = Vault XP percentage of total XP
 D = Non-vault monster count
 E = Vault monster count
 F = Vault count percentage of total count
                 A         B        C        D         E       F
            +---------+---------+-------+---------+---------+-------
      Total |   12384 |    5850 |  32.1 |     274 |      59 |  17.7
            +---------+---------+-------+---------+---------+-------
        D:1 |      26 |       3 |  10.3 |      16 |       1 |   5.9
        D:2 |     122 |       0 |   0.0 |      29 |       0 |   0.0
        D:3 |     493 |       0 |   0.0 |      46 |       0 |   0.0
        D:4 |     574 |       0 |   0.0 |      29 |       0 |   0.0
        D:5 |     443 |       0 |   0.0 |      18 |       0 |   0.0
        D:6 |     265 |     234 |  46.9 |       9 |       8 |  47.1
        D:7 |    1814 |     559 |  23.6 |      37 |       4 |   9.8
        D:8 |    3039 |    3318 |  52.2 |      26 |      34 |  56.7
        D:9 |    2427 |     704 |  22.5 |      24 |       2 |   7.7
       D:10 |    2353 |     877 |  27.2 |      34 |       8 |  19.0
       D:11 |     828 |     155 |  15.8 |       6 |       2 |  25.0
            +---------+---------+-------+---------+---------+-------
